2702 views
Uploaded 2020-01-12 16:34:38
Game version 1.32.0.5
22:59 long 3on3 ladder game on (8)Battleground_LV
Saved by BEARAND
2702 views
Uploaded 2020-01-12 16:34:38
Game version 1.32.0.5
22:59 long 3on3 ladder game on (8)Battleground_LV


141 units @ 24.5k
/ 4k
47 buildings @ 8.2k
/ 3.7k

| Scroll of Healing | 2 | 500 |
| Potion of Lesser Invulnerability | 1 | 150 |
| total: | 3 | 650g |
| Wisp | 28 | 1680 | / | 0 |
| Huntress | 25 | 4875 | / | 500 |
| Druid of the Claw | 1 | 255 | / | 80 |
| Forest Troll Berserker | 1 | 245 | / | 30 |
| total: | 55 | 7055g | / | 610w |
| Altar of Elders | 1 | 180 | / | 50 |
| Moon Well | 6 | 1080 | / | 240 |
| Hunter's Hall | 1 | 210 | / | 100 |
| Ancient of War | 1 | 150 | / | 60 |
| Tree of Life | 2 | 680 | / | 370 |
| Ancient of Wonders | 1 | 90 | / | 30 |
| Ancient of Lore | 3 | 465 | / | 435 |
| Tree of Ages | 2 | 640 | / | 360 |
| Tree of Eternity | 2 | 660 | / | 400 |
| total: | 15 | 2855g | / | 1285w |
| 0:08 | Altar of Elders |
| 0:09 | Wisp |
| 0:18 | Wisp |
| 0:30 | Moon Well |
| 0:37 | Wisp |
| 0:37 | Wisp |
| 0:48 | Wisp |
| 0:48 | Wisp |
| 1:13 | Wisp |
| 1:13 | Wisp |
| 1:28 | Wisp |
| 1:45 | Wisp |
| 2:03 | Hunter's Hall |
| 2:08 | Ancient of War |
| 2:12 | Wisp |
| 2:12 | Wisp |
| 2:12 | Wisp |
| 2:23 | Trueshot Aura |
| 2:51 | Wisp |
| 2:52 | Wisp |
| 3:00 | Moon Well |
| 4:00 | Huntress |
| 4:29 | Huntress |
| 4:31 | Wisp |
| 4:32 | Wisp |
| 4:33 | Strength of the Moon |
| 4:45 | Huntress |
| 5:10 | Huntress |
| 5:29 | Wisp |
| 5:29 | Wisp |
| 5:35 | Moon Well |
| 6:15 | Moon Well |
| 6:40 | Huntress |
| 6:44 | Scout |
| 7:07 | Moon Armor |
| 7:33 | Huntress |
| 7:58 | Huntress |
| 8:22 | Huntress |
| 8:37 | Huntress |
| 10:04 | Huntress |
| 10:19 | Tree of Life |
| 10:47 | Huntress |
| 10:53 | Ancient of Wonders |
| 11:29 | Forest Troll Berserker |
| 12:00 | Tree of Life |
| 12:23 | Huntress |
| 12:47 | Huntress |
| 13:52 | Trueshot Aura |
| 14:07 | Huntress |
| 14:08 | Huntress |
| 14:34 | Huntress |
| 14:51 | Wisp |
| 14:52 | Wisp |
| 14:52 | Wisp |
| 14:52 | Wisp |
| 14:53 | Wisp |
| 15:14 | Huntress |
| 15:41 | Huntress |
| 16:13 | Huntress |
| 16:47 | Tree of Ages |
| 17:06 | Huntress |
| 17:49 | Huntress |
| 18:22 | Scout |
| 18:33 | Huntress |
| 18:42 | Huntress |
| 19:15 | Huntress |
| 19:29 | Ancient of Lore |
| 19:31 | Ancient of Lore |
| 19:33 | Ancient of Lore |
| 19:34 | Wisp |
| 19:34 | Wisp |
| 19:34 | Wisp |
| 19:36 | Moon Well |
| 19:40 | Moon Well |
| 19:54 | Wisp |
| 20:05 | Reinforced Hides |
| 20:13 | Huntress |
| 20:22 | Potion of Lesser Invulnerability |
| 20:26 | Scroll of Healing |
| 20:26 | Scroll of Healing |
| 20:46 | Druid of the Claw Adept Training |
| 20:47 | Tree of Eternity |
| 21:18 | Druid of the Claw |
| 21:50 | Improved Reinforced Hides |
| Right click | 1793 |
| Select | 280 |
| Resource trade | 110 |
| Build/train/purchase | 96 |
| Select group | 86 |
| Assign group | 48 |
| Misc. action | 35 |
| Minimap ping | 26 |
| Use ability | 7 |
| Chat | 7 |
| Remove unit | 2 |


| Healing Salve | 4 | 400 |
| Scroll of Speed | 1 | 50 |
| Potion of Healing | 1 | 150 |
| Dust of Appearance | 2 | 150 |
| Scroll of Town Portal | 1 | 350 |
| Circlet of Nobility | 1 | 175 |
| total: | 10 | 1275g |
| Peon | 11 | 825 | / | 0 |
| Grunt | 9 | 1800 | / | 0 |
| Demolisher | 14 | 3080 | / | 700 |
| Tauren | 8 | 2240 | / | 640 |
| Shaman | 9 | 1170 | / | 180 |
| Forest Troll Shadow Priest | 3 | 585 | / | 30 |
| Forest Troll Berserker | 1 | 245 | / | 30 |
| total: | 55 | 9945g | / | 1580w |
| Altar of Storms | 1 | 180 | / | 50 |
| Orc Burrow | 6 | 960 | / | 240 |
| Barracks | 2 | 360 | / | 100 |
| Voodoo Lounge | 1 | 130 | / | 30 |
| War Mill | 1 | 205 | / | 0 |
| Great Hall | 1 | 385 | / | 185 |
| Spirit Lodge | 1 | 150 | / | 150 |
| Tauren Totem | 1 | 135 | / | 155 |
| Stronghold | 2 | 630 | / | 380 |
| Fortress | 2 | 650 | / | 380 |
| total: | 14 | 2505g | / | 910w |
| 0:02 | Peon |
| 0:05 | Altar of Storms |
| 0:09 | Orc Burrow |
| 0:17 | Barracks |
| 0:28 | Peon |
| 0:28 | Peon |
| 0:42 | Peon |
| 0:57 | Peon |
| 1:14 | Peon |
| 1:24 | Grunt |
| 1:40 | Orc Burrow |
| 1:46 | Peon |
| 2:02 | Voodoo Lounge |
| 2:05 | Endurance Aura |
| 2:14 | Peon |
| 2:31 | Grunt |
| 2:47 | Grunt |
| 3:08 | Grunt |
| 3:36 | Stronghold |
| 3:37 | Grunt |
| 4:01 | Grunt |
| 4:19 | Orc Burrow |
| 4:48 | Orc Burrow |
| 5:04 | Shockwave |
| 5:19 | Grunt |
| 5:32 | Healing Salve |
| 5:32 | Scroll of Speed |
| 5:37 | Healing Salve |
| 6:00 | Fortress |
| 6:02 | War Mill |
| 6:05 | Spirit Lodge |
| 6:56 | Dust of Appearance |
| 7:10 | Berserker Strength |
| 7:16 | Healing Spray |
| 7:35 | Shaman Adept Training |
| 7:56 | Grunt |
| 7:59 | Steel Melee Weapons |
| 7:59 | Steel Armor |
| 8:39 | Endurance Aura |
| 8:56 | Forest Troll Shadow Priest |
| 8:56 | Forest Troll Berserker |
| 9:10 | Shaman Master Training |
| 9:12 | Tauren Totem |
| 9:31 | Demolisher |
| 9:59 | Demolisher |
| 10:09 | Great Hall |
| 10:38 | Burning Oil |
| 10:52 | Chemical Rage |
| 11:01 | Forest Troll Shadow Priest |
| 11:28 | Orc Burrow |
| 11:33 | Steel Ranged Weapons |
| 12:51 | Demolisher |
| 12:52 | Tauren |
| 13:15 | Healing Salve |
| 13:16 | Potion of Healing |
| 13:19 | Demolisher |
| 13:20 | Shaman |
| 13:22 | Tauren |
| 13:23 | Peon |
| 13:23 | Peon |
| 13:23 | Peon |
| 13:35 | Barracks |
| 13:50 | Scroll of Town Portal |
| 13:54 | Shaman |
| 14:15 | Demolisher |
| 14:17 | Tauren |
| 14:42 | Demolisher |
| 15:25 | Orc Burrow |
| 15:27 | Thorium Ranged Weapons |
| 15:28 | Thorium Melee Weapons |
| 16:21 | Demolisher |
| 16:21 | Demolisher |
| 16:22 | Shaman |
| 16:41 | Healing Spray |
| 18:09 | Demolisher |
| 18:09 | Demolisher |
| 18:10 | Shaman |
| 18:10 | Tauren |
| 18:23 | War Stomp |
| 19:14 | Grunt |
| 19:17 | Demolisher |
| 19:18 | Shaman |
| 19:18 | Tauren |
| 19:39 | Shaman |
| 19:40 | Tauren |
| 19:50 | Demolisher |
| 20:04 | Tauren |
| 20:06 | Pulverize |
| 20:13 | Healing Salve |
| 20:23 | Shaman |
| 20:25 | Demolisher |
| 20:46 | Demolisher |
| 20:47 | Shaman |
| 20:48 | Tauren |
| 20:56 | Forest Troll Shadow Priest |
| 21:05 | Circlet of Nobility |
| 21:05 | Dust of Appearance |
| 21:23 | Shaman |
| Right click | 1497 |
| Select | 649 |
| Select group | 572 |
| Misc. action | 201 |
| Build/train/purchase | 107 |
| Chat | 54 |
| Use ability | 41 |
| Minimap ping | 20 |
| Assign group | 15 |
| Resource trade | 5 |
| Esc | 3 |
| Remove unit | 2 |


| Rod of Necromancy | 1 | 150 |
| Dust of Appearance | 2 | 150 |
| Scroll of Healing | 1 | 250 |
| Potion of Lesser Invulnerability | 1 | 150 |
| total: | 5 | 700g |
| Acolyte | 5 | 375 | / | 0 |
| Ghoul | 1 | 120 | / | 0 |
| Crypt Fiend | 10 | 2150 | / | 400 |
| Obsidian Statue | 2 | 400 | / | 70 |
| Frost Wyrm | 9 | 3465 | / | 1080 |
| Abomination | 4 | 960 | / | 280 |
| total: | 31 | 7470g | / | 1830w |
| Nerubian Tower | 2 | 200 | / | 40 |
| Crypt | 2 | 400 | / | 100 |
| Graveyard | 1 | 215 | / | 0 |
| Altar of Darkness | 1 | 180 | / | 50 |
| Ziggurat | 7 | 1050 | / | 350 |
| Tomb of Relics | 1 | 130 | / | 30 |
| Slaughterhouse | 2 | 280 | / | 270 |
| Sacrificial Pit | 1 | 75 | / | 150 |
| Boneyard | 3 | 525 | / | 600 |
| Halls of the Dead | 2 | 640 | / | 420 |
| Black Citadel | 1 | 325 | / | 230 |
| total: | 18 | 2855g | / | 1550w |
| 0:06 | Acolyte |
| 0:06 | Acolyte |
| 0:09 | Crypt |
| 0:17 | Graveyard |
| 0:22 | Altar of Darkness |
| 0:42 | Ziggurat |
| 1:09 | Tomb of Relics |
| 1:13 | Ghoul |
| 1:42 | Crypt Fiend |
| 1:49 | Ziggurat |
| 2:00 | Nerubian Tower |
| 2:16 | Crypt Fiend |
| 2:16 | Crypt Fiend |
| 2:38 | Rod of Necromancy |
| 2:55 | Death Coil |
| 2:57 | Crypt Fiend |
| 3:22 | Crypt Fiend |
| 3:52 | Dust of Appearance |
| 4:14 | Halls of the Dead |
| 4:15 | Crypt Fiend |
| 4:20 | Unholy Aura |
| 5:28 | Death Coil |
| 6:11 | Crypt Fiend |
| 6:15 | Ziggurat |
| 6:29 | Creature Attack |
| 6:29 | Improved Creature Attack |
| 6:37 | Black Citadel |
| 6:54 | Slaughterhouse |
| 6:57 | Sacrificial Pit |
| 7:04 | Ziggurat |
| 7:15 | Howl of Terror |
| 7:27 | Crypt Fiend |
| 7:32 | Advanced Creature Attack |
| 9:02 | Boneyard |
| 9:02 | Boneyard |
| 9:03 | Boneyard |
| 9:35 | Ziggurat |
| 9:36 | Ziggurat |
| 9:38 | Obsidian Statue |
| 9:38 | Obsidian Statue |
| 10:03 | Web |
| 10:20 | Potion of Lesser Invulnerability |
| 10:20 | Dust of Appearance |
| 10:21 | Scroll of Healing |
| 10:35 | Frost Wyrm |
| 10:54 | Frost Wyrm |
| 10:54 | Frost Wyrm |
| 11:25 | Rain of Fire |
| 11:33 | Freezing Breath |
| 11:56 | Frost Wyrm |
| 12:10 | Ziggurat |
| 13:16 | Frost Wyrm |
| 14:24 | Frost Wyrm |
| 16:46 | Frost Wyrm |
| 17:56 | Frost Wyrm |
| 18:01 | Crypt |
| 18:26 | Slaughterhouse |
| 19:21 | Frost Wyrm |
| 19:52 | Abomination |
| 19:58 | Disease Cloud |
| 20:00 | Crypt Fiend |
| 20:00 | Crypt Fiend |
| 20:03 | Unholy Armor |
| 20:39 | Abomination |
| 21:03 | Acolyte |
| 21:03 | Acolyte |
| 21:03 | Acolyte |
| 21:16 | Unholy Aura |
| 21:29 | Abomination |
| 21:29 | Abomination |
| Right click | 1024 |
| Select | 433 |
| Select group | 225 |
| Misc. action | 116 |
| Build/train/purchase | 92 |
| Assign group | 79 |
| Use ability | 33 |
| Minimap ping | 16 |
76 units @ 6.8k
/ 0.4k
198 buildings @ 16.1k
/ 9.6k
iggythefisk
(22:57) : 


x1)
| Lesser Clarity Potion | 2 | 140 |
| Mechanical Critter | 2 | 100 |
| Scroll of Regeneration | 1 | 100 |
| Staff of Sanctuary | 2 | 500 |
| Boots of Speed | 3 | 750 |
| Staff of Teleportation | 3 | 450 |
| Tome of Retraining | 1 | 300 |
| Healing Salve | 2 | 200 |
| Scroll of Speed | 1 | 50 |
| Orb of Lightning | 1 | 375 |
| total: | 18 | 2965g |
| Peasant | 23 | 1725 | / | 0 |
| total: | 23 | 1725g | / | 0w |
| Scout Tower | 40 | 1200 | / | 800 |
| Arcane Tower | 2 | 140 | / | 100 |
| Guard Tower | 22 | 1540 | / | 1100 |
| Altar of Kings | 1 | 180 | / | 50 |
| Farm | 5 | 400 | / | 100 |
| Lumber Mill | 1 | 120 | / | 0 |
| Arcane Vault | 1 | 130 | / | 30 |
| Arcane Sanctum | 1 | 150 | / | 140 |
| Keep | 1 | 320 | / | 210 |
| Castle | 1 | 360 | / | 210 |
| total: | 49 | 2180g | / | 1120w |
| 0:02 | Peasant |
| 0:07 | Altar of Kings |
| 0:08 | Peasant |
| 0:13 | Peasant |
| 0:19 | Farm |
| 0:32 | Lumber Mill |
| 0:33 | Peasant |
| 0:49 | Peasant |
| 1:05 | Farm |
| 1:09 | Peasant |
| 1:20 | Scout Tower |
| 1:23 | Peasant |
| 1:26 | Scout Tower |
| 1:31 | Peasant |
| 1:34 | Improved Masonry |
| 1:47 | Arcane Tower |
| 1:50 | Peasant |
| 1:57 | Scout Tower |
| 2:01 | Peasant |
| 2:07 | Summon Water Elemental |
| 2:13 | Arcane Tower |
| 2:25 | Farm |
| 2:40 | Scout Tower |
| 2:50 | Guard Tower |
| 3:12 | Guard Tower |
| 3:12 | Scout Tower |
| 3:23 | Peasant |
| 3:23 | Peasant |
| 3:23 | Peasant |
| 3:27 | Arcane Vault |
| 3:52 | Guard Tower |
| 3:53 | Scout Tower |
| 4:20 | Peasant |
| 4:51 | Keep |
| 5:05 | Scout Tower |
| 5:05 | Guard Tower |
| 5:34 | Scout Tower |
| 5:35 | Guard Tower |
| 5:51 | Scout Tower |
| 6:46 | Brilliance Aura |
| 6:52 | Guard Tower |
| 6:53 | Scout Tower |
| 6:54 | Scout Tower |
| 7:09 | Farm |
| 7:13 | Peasant |
| 7:13 | Peasant |
| 7:14 | Peasant |
| 7:18 | Advanced Masonry |
| 7:18 | Improved Lumber Harvesting |
| 7:53 | Guard Tower |
| 7:54 | Scout Tower |
| 7:55 | Scout Tower |
| 8:43 | Healing Salve |
| 8:47 | Lesser Clarity Potion |
| 8:48 | Scroll of Speed |
| 9:04 | Storm Bolt |
| 9:25 | Boots of Speed |
| 9:26 | Staff of Teleportation |
| 9:31 | Guard Tower |
| 9:33 | Scout Tower |
| 9:34 | Scout Tower |
| 10:12 | Castle |
| 10:16 | Guard Tower |
| 10:31 | Guard Tower |
| 11:31 | Bash |
| 11:41 | Scout Tower |
| 11:52 | Lesser Clarity Potion |
| 11:52 | Mechanical Critter |
| 11:53 | Mechanical Critter |
| 12:18 | Scout Tower |
| 12:28 | Scout Tower |
| 12:29 | Scout Tower |
| 12:33 | Scroll of Regeneration |
| 12:47 | Guard Tower |
| 12:49 | Scout Tower |
| 13:23 | Scout Tower |
| 13:23 | Scout Tower |
| 13:25 | Peasant |
| 13:25 | Peasant |
| 13:25 | Imbued Masonry |
| 13:56 | Guard Tower |
| 13:58 | Guard Tower |
| 14:08 | Guard Tower |
| 14:09 | Scout Tower |
| 14:12 | Healing Salve |
| 14:23 | Scout Tower |
| 14:23 | Scout Tower |
| 14:38 | Peasant |
| 14:38 | Peasant |
| 14:47 | Staff of Sanctuary |
| 14:55 | Scout Tower |
| 14:55 | Scout Tower |
| 15:01 | Guard Tower |
| 15:03 | Scout Tower |
| 15:03 | Scout Tower |
| 15:18 | Boots of Speed |
| 15:29 | Staff of Teleportation |
| 15:56 | Tome of Retraining |
| 15:56 | Retrain Hero |
| 15:59 | Blizzard |
| 15:59 | Brilliance Aura |
| 16:23 | Guard Tower |
| 17:01 | Scout Tower |
| 17:02 | Guard Tower |
| 18:33 | Guard Tower |
| 18:38 | Scout Tower |
| 18:39 | Scout Tower |
| 18:43 | Farm |
| 18:50 | Arcane Sanctum |
| 18:53 | Peasant |
| 18:53 | Peasant |
| 19:34 | Blizzard |
| 19:39 | Guard Tower |
| 19:40 | Scout Tower |
| 19:41 | Scout Tower |
| 19:46 | Scout Tower |
| 19:46 | Scout Tower |
| 19:47 | Scout Tower |
| 19:47 | Scout Tower |
| 20:22 | Magic Sentry |
| 20:43 | Guard Tower |
| 20:44 | Scout Tower |
| 20:45 | Scout Tower |
| 21:01 | Boots of Speed |
| 21:01 | Staff of Teleportation |
| 21:04 | Holy Light |
| 21:06 | Guard Tower |
| 21:14 | Guard Tower |
| 21:17 | Staff of Sanctuary |
| 21:54 | Orb of Lightning |
| 22:26 | Storm Bolt |
| Right click | 1437 |
| Assign group | 532 |
| Select group | 470 |
| Select | 330 |
| Build/train/purchase | 148 |
| Use ability | 70 |
| Resource trade | 63 |
| Chat | 45 |
| Misc. action | 26 |
| Item give/drop | 6 |


| Healing Salve | 4 | 400 |
| Lesser Clarity Potion | 5 | 350 |
| Orb of Lightning | 1 | 375 |
| Staff of Teleportation | 2 | 300 |
| Boots of Speed | 2 | 500 |
| Staff of Sanctuary | 2 | 500 |
| total: | 16 | 2425g |
| Peon | 23 | 1725 | / | 0 |
| Troll Batrider | 8 | 1280 | / | 320 |
| total: | 31 | 3005g | / | 320w |
| Watch Tower | 69 | 7590 | / | 5520 |
| Altar of Storms | 1 | 180 | / | 50 |
| Orc Burrow | 4 | 640 | / | 160 |
| Voodoo Lounge | 3 | 390 | / | 90 |
| War Mill | 1 | 205 | / | 0 |
| Great Hall | 3 | 1155 | / | 555 |
| Beastiary | 2 | 290 | / | 280 |
| Stronghold | 1 | 315 | / | 190 |
| Fortress | 1 | 325 | / | 190 |
| total: | 83 | 10450g | / | 6655w |
| 0:04 | Peon |
| 0:04 | Peon |
| 0:06 | Altar of Storms |
| 0:10 | Orc Burrow |
| 0:12 | Peon |
| 0:23 | Peon |
| 0:50 | Voodoo Lounge |
| 0:52 | Peon |
| 1:10 | War Mill |
| 1:18 | Peon |
| 1:18 | Peon |
| 1:23 | Peon |
| 1:43 | Peon |
| 1:50 | Orc Burrow |
| 1:59 | Peon |
| 2:03 | Wind Walk |
| 2:08 | Healing Salve |
| 2:09 | Lesser Clarity Potion |
| 2:09 | Lesser Clarity Potion |
| 2:29 | Watch Tower |
| 2:34 | Peon |
| 2:36 | Peon |
| 2:40 | Watch Tower |
| 2:48 | Peon |
| 2:59 | Voodoo Lounge |
| 3:56 | Watch Tower |
| 3:58 | Watch Tower |
| 4:11 | Staff of Teleportation |
| 4:11 | Boots of Speed |
| 4:21 | Peon |
| 4:21 | Peon |
| 4:47 | Voodoo Lounge |
| 5:11 | Watch Tower |
| 5:12 | Watch Tower |
| 5:48 | Stronghold |
| 6:20 | Watch Tower |
| 6:21 | Watch Tower |
| 6:54 | Critical Strike |
| 7:00 | Great Hall |
| 7:03 | Watch Tower |
| 7:16 | Watch Tower |
| 7:17 | Watch Tower |
| 7:34 | Spiked Barricades |
| 7:39 | Watch Tower |
| 7:40 | Watch Tower |
| 8:28 | Watch Tower |
| 8:28 | Watch Tower |
| 8:49 | Watch Tower |
| 8:50 | Watch Tower |
| 8:55 | Watch Tower |
| 8:56 | Watch Tower |
| 8:59 | Watch Tower |
| 9:00 | Fortress |
| 9:02 | Watch Tower |
| 9:04 | Watch Tower |
| 9:12 | Healing Salve |
| 9:12 | Lesser Clarity Potion |
| 9:34 | Hex |
| 9:43 | Watch Tower |
| 9:43 | Watch Tower |
| 9:59 | Wind Walk |
| 10:07 | Watch Tower |
| 10:10 | Great Hall |
| 10:15 | Watch Tower |
| 10:15 | Watch Tower |
| 10:16 | Watch Tower |
| 10:18 | Watch Tower |
| 10:21 | Watch Tower |
| 10:21 | Watch Tower |
| 10:33 | Watch Tower |
| 10:40 | Beastiary |
| 10:41 | Beastiary |
| 10:44 | Watch Tower |
| 10:48 | Watch Tower |
| 11:21 | Staff of Teleportation |
| 11:21 | Boots of Speed |
| 11:28 | Watch Tower |
| 11:38 | Watch Tower |
| 11:39 | Watch Tower |
| 11:41 | Watch Tower |
| 11:58 | Staff of Sanctuary |
| 12:45 | Orb of Lightning |
| 12:46 | Healing Salve |
| 14:00 | Lesser Clarity Potion |
| 14:01 | Healing Salve |
| 14:05 | Peon |
| 14:05 | Peon |
| 14:05 | Peon |
| 14:06 | Peon |
| 14:09 | Watch Tower |
| 14:09 | Watch Tower |
| 14:10 | Watch Tower |
| 14:17 | Troll Batrider |
| 14:37 | Staff of Sanctuary |
| 14:58 | Healing Wave |
| 15:14 | Watch Tower |
| 15:17 | Troll Batrider |
| 15:36 | Watch Tower |
| 15:38 | Watch Tower |
| 15:59 | Watch Tower |
| 16:00 | Watch Tower |
| 16:00 | Watch Tower |
| 16:43 | Troll Batrider |
| 16:44 | Orc Burrow |
| 16:45 | Peon |
| 16:54 | Watch Tower |
| 17:03 | Watch Tower |
| 17:03 | Watch Tower |
| 17:22 | Watch Tower |
| 17:25 | Watch Tower |
| 17:26 | Watch Tower |
| 17:54 | Troll Batrider |
| 17:54 | Troll Batrider |
| 18:45 | Troll Batrider |
| 18:45 | Troll Batrider |
| 18:56 | Watch Tower |
| 18:56 | Watch Tower |
| 18:58 | Peon |
| 18:58 | Peon |
| 18:58 | Peon |
| 19:01 | Watch Tower |
| 19:05 | Lesser Clarity Potion |
| 19:30 | Critical Strike |
| 19:44 | Great Hall |
| 19:54 | Watch Tower |
| 19:55 | Watch Tower |
| 19:55 | Watch Tower |
| 19:56 | Watch Tower |
| 19:56 | Watch Tower |
| 19:56 | Watch Tower |
| 19:57 | Watch Tower |
| 19:58 | Watch Tower |
| 20:13 | Orc Burrow |
| 20:16 | Watch Tower |
| 20:17 | Watch Tower |
| 20:20 | Reinforced Defenses |
| 20:24 | Improved Spiked Barricades |
| 20:34 | Watch Tower |
| 21:06 | Troll Batrider |
| 21:06 | Liquid Fire |
| 21:24 | Watch Tower |
| 22:19 | Watch Tower |
| Right click | 2084 |
| Select group | 937 |
| Select | 234 |
| Build/train/purchase | 176 |
| Use ability | 73 |
| Misc. action | 47 |
| Chat | 42 |
| Minimap ping | 23 |
| Assign group | 15 |
| Item give/drop | 4 |
| Esc | 4 |
BEARAND
(22:57) : 


| Staff of Sanctuary | 3 | 750 |
| Lesser Clarity Potion | 3 | 210 |
| Boots of Speed | 3 | 750 |
| Staff of Teleportation | 4 | 600 |
| Periapt of Vitality | 1 | 325 |
| Healing Salve | 2 | 200 |
| Orb of Lightning | 1 | 375 |
| total: | 17 | 3210g |
| Peasant | 18 | 1350 | / | 0 |
| Priest | 2 | 270 | / | 20 |
| Dragonhawk Rider | 2 | 400 | / | 60 |
| total: | 22 | 2020g | / | 80w |
| Scout Tower | 52 | 1560 | / | 1040 |
| Arcane Tower | 5 | 350 | / | 250 |
| Guard Tower | 25 | 1750 | / | 1250 |
| Altar of Kings | 1 | 180 | / | 50 |
| Farm | 5 | 400 | / | 100 |
| Lumber Mill | 1 | 120 | / | 0 |
| Arcane Vault | 2 | 260 | / | 60 |
| Town Hall | 1 | 385 | / | 205 |
| Blacksmith | 1 | 140 | / | 60 |
| Barracks | 1 | 160 | / | 60 |
| Arcane Sanctum | 1 | 150 | / | 140 |
| Gryphon Aviary | 1 | 140 | / | 150 |
| Keep | 1 | 320 | / | 210 |
| Castle | 1 | 360 | / | 210 |
| total: | 66 | 3495g | / | 1865w |
| 0:04 | Peasant |
| 0:04 | Peasant |
| 0:13 | Altar of Kings |
| 0:20 | Farm |
| 0:23 | Peasant |
| 0:29 | Peasant |
| 0:36 | Farm |
| 0:55 | Peasant |
| 0:57 | Scout Tower |
| 1:08 | Lumber Mill |
| 1:16 | Peasant |
| 1:40 | Arcane Tower |
| 1:42 | Scout Tower |
| 1:43 | Scout Tower |
| 1:44 | Scout Tower |
| 1:44 | Scout Tower |
| 1:46 | Scout Tower |
| 1:47 | Scout Tower |
| 1:47 | Peasant |
| 2:05 | Peasant |
| 2:13 | Blizzard |
| 2:16 | Guard Tower |
| 2:17 | Peasant |
| 2:19 | Peasant |
| 2:49 | Guard Tower |
| 2:52 | Scout Tower |
| 3:23 | Guard Tower |
| 3:28 | Guard Tower |
| 3:29 | Scout Tower |
| 3:30 | Scout Tower |
| 3:31 | Peasant |
| 3:31 | Peasant |
| 3:32 | Improved Masonry |
| 4:02 | Brilliance Aura |
| 4:06 | Keep |
| 4:22 | Guard Tower |
| 4:23 | Guard Tower |
| 4:24 | Farm |
| 4:26 | Farm |
| 4:26 | Farm |
| 4:40 | Boots of Speed |
| 4:40 | Staff of Teleportation |
| 4:46 | Staff of Teleportation |
| 6:04 | Scout Tower |
| 6:05 | Scout Tower |
| 6:06 | Scout Tower |
| 6:06 | Scout Tower |
| 6:07 | Scout Tower |
| 6:08 | Scout Tower |
| 6:15 | Healing Salve |
| 7:31 | Storm Bolt |
| 7:45 | Castle |
| 7:46 | Guard Tower |
| 7:46 | Guard Tower |
| 8:01 | Guard Tower |
| 8:06 | Healing Salve |
| 9:11 | Guard Tower |
| 9:12 | Arcane Sanctum |
| 9:14 | Scout Tower |
| 9:15 | Scout Tower |
| 9:15 | Scout Tower |
| 9:38 | Arcane Vault |
| 9:40 | Advanced Masonry |
| 9:41 | Improved Lumber Harvesting |
| 9:59 | Blizzard |
| 10:18 | Peasant |
| 10:21 | Peasant |
| 10:21 | Peasant |
| 10:26 | Arcane Vault |
| 10:39 | Town Hall |
| 10:41 | Scout Tower |
| 10:42 | Scout Tower |
| 10:42 | Scout Tower |
| 10:43 | Scout Tower |
| 10:43 | Scout Tower |
| 10:44 | Scout Tower |
| 11:03 | Holy Light |
| 11:18 | Scout Tower |
| 11:18 | Scout Tower |
| 11:19 | Scout Tower |
| 11:23 | Staff of Sanctuary |
| 11:34 | Guard Tower |
| 11:47 | Staff of Teleportation |
| 11:57 | Scout Tower |
| 11:57 | Scout Tower |
| 11:58 | Scout Tower |
| 11:59 | Guard Tower |
| 13:00 | Boots of Speed |
| 13:23 | Lesser Clarity Potion |
| 13:27 | Staff of Teleportation |
| 13:34 | Guard Tower |
| 13:35 | Scout Tower |
| 13:36 | Scout Tower |
| 14:30 | Magic Sentry |
| 14:38 | Arcane Tower |
| 14:38 | Guard Tower |
| 14:40 | Arcane Tower |
| 14:40 | Guard Tower |
| 14:42 | Guard Tower |
| 14:49 | Imbued Masonry |
| 15:11 | Gryphon Aviary |
| 15:12 | Blacksmith |
| 15:15 | Advanced Lumber Harvesting |
| 15:17 | Peasant |
| 15:31 | Guard Tower |
| 15:32 | Arcane Tower |
| 16:13 | Lesser Clarity Potion |
| 16:15 | Lesser Clarity Potion |
| 16:31 | Staff of Sanctuary |
| 16:37 | Arcane Tower |
| 16:41 | Orb of Lightning |
| 17:28 | Boots of Speed |
| 17:29 | Periapt of Vitality |
| 17:51 | Divine Shield |
| 18:10 | Peasant |
| 18:34 | Staff of Sanctuary |
| 18:52 | Bash |
| 19:05 | Priest |
| 19:05 | Priest |
| 19:05 | Priest Adept Training |
| 20:02 | Barracks |
| 20:03 | Dragonhawk Rider |
| 20:03 | Dragonhawk Rider |
| 20:29 | Scout Tower |
| 20:30 | Scout Tower |
| 20:31 | Scout Tower |
| 20:31 | Scout Tower |
| 20:32 | Scout Tower |
| 20:32 | Scout Tower |
| 20:35 | Brilliance Aura |
| 20:39 | Peasant |
| 20:42 | Scout Tower |
| 20:42 | Scout Tower |
| 20:43 | Scout Tower |
| 20:43 | Scout Tower |
| 20:44 | Scout Tower |
| 20:44 | Scout Tower |
| 20:44 | Scout Tower |
| 20:45 | Scout Tower |
| 21:01 | Holy Light |
| 21:16 | Animal War Training |
| 21:34 | Guard Tower |
| 21:40 | Storm Bolt |
| 21:59 | Guard Tower |
| 22:11 | Scout Tower |
| 22:11 | Scout Tower |
| 22:12 | Scout Tower |
| 22:13 | Scout Tower |
| 22:14 | Scout Tower |
| Right click | 2374 |
| Select | 568 |
| Select group | 220 |
| Build/train/purchase | 160 |
| Use ability | 99 |
| Chat | 99 |
| Resource trade | 34 |
| Misc. action | 20 |
| Assign group | 13 |
| Item give/drop | 8 |
| Minimap ping | 7 |